Workbook

Sheet ESF 06-2021 BS
C2: XX, C.A.
C3: Estado de Situación Financiera
C4: Al 30-06-2025
C5: Expresado en Bolivares.
C7: Descripción | D7: Monto. Bs. | E7: Part.
C9: Activo:
C10: Circulante
C11: Caja y Bancos:
C12: Caja | D12: 2.3215588e+11 | E12: 0.40471835
C13: Bancos | D13: 3.8794099e+09 | E13: 0.0067629921
C14: Depositos en Garantia | D14: 2403902670 | E14: 0.0041907339
C15: Total Caja y Bancos | D15: =SUM(D12:D14) -> 2.3843919e+11 | E15: 0.41567207
C17: Cuentas por Cobrar:
C18: Cuentas por Cobrar comerciales | D18: 1.6737224e+11 | E18: 0.29178075
C19: Cuentas por Cobrar empleados | D19: 9.1522593e+09 | E19: 0.015955173
C20: Total Cuentas por Cobrar | D20: =SUM(D18:D19) -> 1.765245e+11 | E20: 0.30773593
C22: Inventarios
C23: Inventarios | D23: 1.0320546e+11 | E23: 0.17991853
C24: Total Inventarios | D24: =+D23 -> 1.0320546e+11 | E24: 0.17991853
C26: Total Activo circulante | D26: =+D15+D20+D24 -> 5.1816916e+11 | E26: 0.90332653
C28: Activos Fijos
C29: Activos Depreciables (Netos) | D29: 2.6359541e+09 | E29: 0.0045952702
C30: Total Activo Fijo | D30: =+D29 -> 2.6359541e+09 | E30: 0.0045952702
C32: Otros Activos:
C33: Creditos Fiscales (Excedentes y Retenciones) | D33: 4.8787825e+10 | E33: 0.085052026
C34: Impuestos y Gastos Prepagados | D34: 4.0303776e+09 | E34: 0.0070261747
C35: Total Activo Fijo | D35: =+D33+D34 -> 5.2818203e+10 | E35: 0.092078201
C37: Total Activo | D37: =+D26+D30+D35 -> 5.7362331e+11 | E37: 0.99540473 | F37: =(D37/D66) -> 2.5676136
C40: Pasivo:
C41: Pasivo
C42: Pasivo Circulante
C43: Bancos | D43: 9.2577005e+09 | E43: 0.041438688
C44: Total Bancos | D44: =+D43 -> 9.2577005e+09 | E44: 0.041438688
C46: Cuentas x Pagar
C47: Proveedores Nacionales | D47: 7.9078652e+10 | E47: 0.35396648
C48: Otras Cuentas por Pagar (Accionistas) | D48: 2.7539412e+10 | E48: 0.12327004
C49: Impuesto Sobre la Renta por Pagar | D49: 0 | E49: 0
C50: Impuestos Parafiscales por pagar | D50: 5.3779104e+09 | E50: 0.024072236
C51: Total Cuentas por Pagar | D51: =+D47+D48+D49+D50 -> 1.1199597e+11 | E51: 0.50130875
C53: Otras cuentas por Pagar
C54: Provisiones Por Pagar | D54: 6.1043918e+10 | E54: 0.27324063
C55: Total Otras cuentas por Pagar | D55: =+D54 -> 6.1043918e+10 | E55: 0.27324063
C57: Gastos acumulados por pagar
C58: Retenciones y Anticipos de impuestos por pagar | D58: 7.9576891e+09 | E58: 0.035619666 | G58: =(D26-D24)/D61 -> 2.181089
C59: Total Gastos Acumulados | D59: =+D58 -> 7.9576891e+09 | E59: 0.035619666
C61: Total Pasivo Circulante | D61: =+D44+D51+D55+D59 -> 1.9025528e+11 | E61: 0.85160774 | F61: =(D26/D61) -> 2.7235468
C63: Total Pasivo Largo Plazo
C64: Pasivo Laboral | D64: 3.3151897e+10 | E64: 0.14839226
C65: Total Pasivo Largo Plazo | D65: =+D64 -> 3.3151897e+10 | E65: 0.14839226
C66: Total Pasivo | D66: =+D61+D65 -> 2.2340718e+11 | E66: 1
C69: Patrimonio:
C70: Capital Social | D70: 1 | E70: 2.8553796e-12
C71: Aporte Futuras Capitalizaciones | D71: 570005 | E71: 1.6275806e-06 | G71: =(D26-D24)/D61 -> 2.181089
C72: Reservas Legales | D72: 0.1 | E72: 2.8553796e-13
C73: Utilidades no distribuidas | D73: 4.8148899e+09 | E73: 0.013748338
C74: Resultados del Periodo | D74: 3.4540067e+11 | E74: 0.98625003
C76: Total Patrimonio | D76: =SUM(D70:D74) -> 3.5021613e+11 | E76: 1
C78: Total Pasivo y Patrimonio | D78: =+D66+D76 -> 5.7362331e+11
D82: =+D78-D37 -> 0
D83: 0

Sheet ER 06-2021BS
C2: XX, C.A.
C3: Estado de Resultados
C4: Desde el 01/01/2025 al 30/06/2025
C5: Expresado en Bolivares.
C7: Descripción | D7: Año 2021 | E7: Part.
C9: Ingresos:
C10: Ventas de Productos | D10: 1.2386053e+12 | E10: 0.98671992
C11: Descuentos | D11: -2.8678208e+09 | E11: -0.0022846148
C12: Total Ingresos Operacionales | D12: 1.2357374e+12 | E12: 0.9844353
C14: Otros Ingresos | D14: =19537983564.6+541297908 -> 2.0079281e+10 | E14: 0.015564698
C15: Total Ingresos | D15: =+D12+D14 -> 1.2558167e+12 | E15: 0.015564698
C17: Costo Mercancia Vendida | D17: 7.0254565e+11 | E17: 0.5596745
C18: Total Costos Mercancia Vendida | D18: 7.0254565e+11 | E18: 0.5596745
C20: Utilidad Bruta en Ventas | D20: =+D15-D18 -> 5.5327108e+11 | E20: 0.4403255
C22: Gastos de Operaciones
C23: Adistramiento al Personal | D23: 108067800 | E23: 8.6090907e-05
C24: Aportes Patronales | D24: 36013518 | E24: 2.8689734e-05
C25: Articulos de Limpieza | D25: 663170000 | E25: 0.00052830637
C26: Depreciaciones y Amortizaciones | D26: 8.734304e+08 | E26: 0.00069580777
C27: GASTOS | D27: 0 | E27: 0
C28: Gastos de Telefono | D28: 1.2408674e+08 | E28: 9.8852199e-05
C29: Gastos de Transporte | D29: 0 | E29: 0
C30: Gastos de Uniforme | D30: 5.6365722e+08 | E30: 0.00044903071
C31: Indemnizaciones Laborales | D31: 5.9085699e+09 | E31: 0.0047069908
C32: Otros Gastos Operativos | D32: 7.6454628e+08 | E32: 0.00060906655
C33: Polizas de Seguro | D33: 9.6202488e+08 | E33: 0.00076638549
C34: Reparación y Mantenimiento de Vehiculos | D34: 5.6411371e+09 | E34: 0.0044939437
... C36: Mantenimiento Sistemas/ Redes / Internet | D36: 0 | E36: 0
C37: Total Costos Directos | D37: =SUM(D23:D36) -> 1.5924052e+10 | E37: 0.012685704
C39: Gastos Administrativos
C40: Adistramiento al Personal | D40: 963000000 | E40: 0.00076716231
C41: Aportes Patronales | D41: 28121957 | E41: 2.2403017e-05
C42: Articulos de Computación | D42: 557532280 | E42: 0.00044415135
C43: Articulos de Escritorio | D43: 79968470 | E43: 6.3705915e-05
C44: Articulos de Limpieza | D44: 6.6785853e+08 | E44: 0.00053204143
C45: Comisiones Bancarias | D45: 2.6369923e+09 | E45: 0.0021007281
C46: Cuentas Incobrables | D46: 1.531604e+08 | E46: 0.00012201338
C47: Depreciaciones y Amortizaciones | D47: 1.5180291e+08 | E47: 0.00012093196
C48: Envios y Encomiendas | D48: 0 | E48: 0
C49: Gasto de ISLR | D49: 0 | E49: 0
C50: Gastos de Agua | D50: 1.4737351e+09 | E50: 0.0011740332
C51: Gastos de Alquiler | D51: 0 | E51: 0
... C59: Gastos de Uniforme | D59: 634282.6 | E59: 5.0529357e-07
C60: Gastos no Deducibles | E60: 0
C61: Honorarios Profesionales | D61: 0 | E61: 0
C62: IGTF No Deducible | D62: 7.1976913e+09 | E62: 0.0057339538
C63: Impuestos Parafiscales | D63: 1.0000093e+10 | E63: 0.0079664535
C64: Indemnizaciones Laborales | D64: 2.9375212e+10 | E64: 0.023401407
C65: Intereses Gastos | D65: 0 | E65: 0
C66: Mejoras a Instalaciones | D66: 5.4777061e+09 | E66: 0.0043637483
C67: Multas | D67: 20968277 | E67: 1.6704124e-05
C68: Otros Gastos Administrativos | E68: -0.00043121844
C69: Polizas de Seguro | D69: 0 | E69: 0
C70: Reparación y Mantenimiento de Equipos de Oficina | D70: 6.3314666e+08 | E70: 0.00050438864
C71: Reparación y Mantenimiento de Vehiculos | D71: 1.1625771e+08 | E71: 9.2615297e-05
C72: Servicios Administrativos | D72: 3.9171847e+10 | E72: 0.031205778
C73: Sistemas de Seguridad | D73: 5.2685584e+08 | E73: 0.00041971333
C74: Sueldos y Salarios | D74: 4.7401001e+10 | E74: 0.037761434
C75: Esparcimiento y Agasajos al personal | D75: 0 | E75: 0
C76: Mantenimiento Sistemas/ Redes / Internet | D76: 4.0570138e+08 | E76: 0.0003231971
C77: Total Gastos Administrativos | D77: =SUM(D40:D76) -> 1.5485349e+11 | E77: 0.12293095
C80: Gastos de Ventas
C81: Adistramiento al Personal | D81: 206000000 | E81: 0.00016410741
C82: Aportes Patronales | D82: 46742282 | E82: 3.7236674e-05
C83: Articulos de Limpieza | D83: 3.4210647e+08 | E83: 0.00027253498
C84: Depreciaciones y Amortizaciones | D84: 2.1264793e+09 | E84: 0.001694034
C85: Gastos de Publicidad | D85: 0 | E85: 0
C86: Gastos de Representación | D86: 0 | E86: 0
C87: Gastos de Transporte | D87: 0 | E87: 0
C88: Gastos de Uniforme | D88: 0 | E88: 0
C89: Gastos en Combustibles | D89: 3.2735362e+09 | E89: 0.002607823
C90: Gastos Varios en Ventas | D90: 181138887 | E90: 0.00014430211
C91: Impuestos Parafiscales | D91: 0 | E91: 0
C92: Indemnizaciones Laborales | D92: 2.9744177e+10 | E92: 0.023695339
... C97: Viaticos | D97: 3.7732379e+08 | E97: 0.00030059044
C99: Total Gastos de Ventas | D99: =SUM(D81:D98) -> 3.7092861e+10 | E99: 0.02954958
C101: Resultado Neto despúes de ISLR | D101: =+D20-D37-D77-D99 -> 3.4540067e+11 | E101: 0.27515927
D105: 0

Sheet AEF MES JUNIO 2021
C2: XX, C.A.
C3: Estado de Situación Financiera
C4: Al 31-06-2025
C5: Expresado en Bolivares.
C7: Inflación Anualizada Mes Mayo OVF | E7: 2617.9672
C9: Inflación Acumulada Acumulada Mayo OVF | E9: 333.74486
C11: Datos Año 2021 Mes junio
C13: Razones Financieras al Corte 05/ 2021
C15: Liquidez
C16: Circulante: | D16: Activo Circulante/ Pasivo Circulante Mes 06/ 2025
C17: Mes 06-2021 | D17: Activo Circulante al Mes 06-2021 | E17: ='ESF 06-2021 BS'!D26 -> 5.1816916e+11
C18: Mes 06-2021 | D18: Pasivo Circulante al Mes 06-2021 | E18: ='ESF 06-2021 BS'!D61 -> 1.9025528e+11
C20: Activo Circulante/ Pasivo Circulante Mes 05/ 2025
C22: Líquidez | D22: =E17/E18 -> 2.7235468
C24: Razón de rapidez o prueba ácida
C26: Activo Circulante - Inventario / Pasivo Circulante Mes 06/ 2021
C28: Rapidez Prueba Ácida | D28: Activo Circulante - Inventario / Pasivo Circulante Mes 06/ 2025
C30: Mes 06-2021 | D30: =D17 -> Activo Circulante al Mes 06-2021 | F30: =E17 -> 5.1816916e+11
C31: Mes 06-2021 | D31: Inventario | F31: ='ESF 06-2021 BS'!D24 -> 1.0320546e+11
C32: Mes 06-2021 | D32: =D18 -> Pasivo Circulante al Mes 06-2021 | F32: =E18 -> 1.9025528e+11
C34: Razón de rapidez o prueba ácida | F34: =F31/F30 -> 0.1991733
E35: ∆ intermensual mes 06 vs mes 05 /2021
C36: Acidez Prueba rápida | D36: =(F30-F31)/F32 -> 2.181089 | E36: =(D36-'[1]AEF MES 5-2021'!$D$36)/'[1]AEF MES 5-2021'!$D$36 -> 0.59368462
C57: Inmovilización Líquidez por inventario Mes 06 2025
C59: =(D36-D22)/D22 -> -0.1991733
C62: Apalancamiento
C64: Deudas Totales a Activos Totales Deudas Totales/ Activos Totales mes 06-2025
C66: Mes 06-2021 | D66: Deudas Totales | E66: ='ESF 06-2021 BS'!D66 -> 2.2340718e+11
C67: Mes 06-2021 | D67: Activos Totales | E67: ='ESF 06-2021 BS'!D37 -> 5.7362331e+11 | F67: =E66/E67 -> 0.3894667
E68: ∆ Deudas Totales/ Activo Total mes 06 vs mes 05 | F68: =100-38.95 -> 61.05
C69: Deudas Totales a Activos Totales | D69: =E66/E67 -> 0.3894667 | E69: =(D69-'[1]AEF MES 5-2021'!$D$69)/'[1]AEF MES 5-2021'!$D$69 -> -0.1899946 | F69: =100-38.95 -> 61.05
C71: Las Deudas totales representan un 39% del Activo Total
C73: Rotación de Inventarios
C75: Rotación de Inventarios: Ventas/ Inventarios.
C77: Mes 06-2021 | D77: Ventas | E77: ='ER 06-2021BS'!D10 -> 1.2386053e+12
C78: Mes 06-2021 | D78: Inventarios | E78: ='ESF 06-2021 BS'!D24 -> 1.0320546e+11
E79: ∆ intermensual
C80: Rotación Inventarios | D80: =E77/E78 -> 12.001354 | E80: =(D80-'[1]AEF MES 5-2021'!$D$80)/'[1]AEF MES 5-2021'!$D$80 -> 1.3816526
C82: Período promedio de cobranza : Cuentas por Cobrar/ Ventas por día
C84: Mes 06-2021 | D84: Cuentas por Cobrar | E84: ='ESF 06-2021 BS'!D20 -> 1.765245e+11
C85: Mes 06-2021 | D85: Ventas al dia | E85: ='ER 06-2021BS'!D10/365 -> 3.3934391e+09
C87: Período promedio de Cobranza.( Días) | D87: =E84/E85 -> 52.019352 | E87: Días
C89: Los días en promedio de cobranza superan los 52 días, se mantiene con una discreta disminución de empleo del exigible de 0,45%
C93: Rotación de activo Fijo : Ventas/ Activos fijos netos
C95: Mes 06-2021 | D95: Ventas al dia | E95: ='ER 06-2021BS'!D10 -> 1.2386053e+12
C96: Mes 06-2021 | D96: Activos Fijos | E96: ='ESF 06-2021 BS'!D35 -> 5.2818203e+10
C98: Rotación de Activo Fijo | D98: =E95/E96 -> 23.450349
C100: Los activos fijos, rotan en una proporción de 23,45 veces con relación a las Ventas Totales
C103: Rentabilidad.
C105: Margen de utiliidad sobre las ventas: UAISLR/Activos Totales
C107: Mes 06-2021 | D107: Utilidad antes de ISLR ( U. Bruta) | E107: ='ER 06-2021BS'!D20 -> 5.5327108e+11
C108: Mes 06-2021 | D108: Activos Totales | E108: ='ESF 06-2021 BS'!D37 -> 5.7362331e+11
E109: ∆Intermensual Margen Utilidad
C110: Margen de Utilidad sobre Vtas. | D110: =E107/E108 -> 0.96451987 | E110: =(D110-'[1]AEF MES 5-2021'!$D$110)/'[1]AEF MES 5-2021'!$D$110 -> 0.24795706
C112: Rendimiento sobre Activos Totales: Ingreso neto / Activos Totales
C114: Mes 06-2021 | D114: Ingreso neto ( Ingreso- Dcto y Dev. Vtas) | E114: ='ER 06-2021BS'!D12 -> 1.2357374e+12
C115: Mes 06-2021 | D115: Activos Totales | E115: =E108 -> 5.7362331e+11
C117: Rendimiento sobre Activos Totales | D117: =E114/E115 -> 2.1542664
C119: Rendimiento sobre Capital Contable Ingreso neto / Capital Contable.
C121: Mes 06-2021 | D121: Ingreso neto ( Ingreso- Dcto y Dev. Vtas) | E121: ='ER 06-2021BS'!D12 -> 1.2357374e+12
C122: Mes 06-2021 | D122: Capital Contable | E122: ='ESF 06-2021 BS'!D76 -> 3.5021613e+11
C124: Rendimiento sobre Capital Contable | D124: =E121/E122 -> 3.5284995
D131: Economista Carlos Ñáñez R
D132: Profesor de la Universidad de Carabobo
D133: Escuela de Economía FACES
